 Dungeon Crawl Stone Soup version 0.27.0-1-g7a089689b8 (webtiles) character file.

Game seed: 13854804435367569296

3823 kobby the Carver (level 10, -4/60 HPs)
             Began as a Tengu Fighter on Aug 9, 2021.
             Was a Believer of Okawaru.
             Slain by a fire giant (9 damage)
             ... on level 9 of the Dungeon.
             The game lasted 00:18:37 (6983 turns).

kobby the Carver (Tengu Fighter)                    Turns: 6983, Time: 00:18:51

Health: -4/60      AC: 12    Str: 17    XL:     10   Next: 17%
Magic:  11/11      EV: 11    Int:  9    God:    Okawaru [**....]
Gold:   1242       SH: 10    Dex: 16    Spells: 9/9 levels left

rFire    . . .     SeeInvis .   z - +8 autumn katana {vorpal, Clar}
rCold    . . .     Faith    .   c - +0 kite shield
rNeg     . . .     Spirit   .   e - +3 scale mail
rPois    .         Reflect  .   (helmet restricted)
rElec    .         Harm     .   y - scarf {repulsion}
rCorr    .         Rampage  .   C - +0 pair of gloves
Will     .....     Clarity  +   (boots unavailable)
Stlth    +.........             w - amulet of regeneration
HPRegen  1.20/turn              (no ring)
MPRegen  0.12/turn              (no ring)

@: flying quickly and evasively, repel missiles, quick
A: beak, talons 3, nimble flight
a: Renounce Religion, Heroism


You were on level 9 of the Dungeon.
You worshipped Okawaru.
Okawaru was pleased with you.
You visited 2 branches of the dungeon, and saw 10 of its levels.

You collected 1242 gold pieces.

Inventory:

Hand Weapons
 a - a +1 long sword of venom
 l - a +0 scimitar of flaming
 u - a +0 long sword of freezing
 z - the +8 autumn katana (weapon) {vorpal, Clar}
   (You acquired it on level 6 of the Dungeon)

   It inflicts extra damage upon your enemies.
   Clar:      It protects you against confusion.
Missiles
 j - 3 throwing nets (quivered)
Armour
 b - a +0 scale mail
 c - a +0 kite shield (worn)
 e - a +3 scale mail (worn)
 g - a +0 cloak
 t - a +0 scale mail of fire resistance
 y - a scarf of repulsion (worn)
 C - a +0 pair of gloves (worn)
Jewellery
 s - a ring of fire
 w - an amulet of regeneration (around neck)
Wands
 p - a wand of mindburst (6)
 q - a wand of paralysis (7)
 A - a wand of polymorph (5)
 E - a wand of iceblast (7)
Scrolls
 i - 2 scrolls of amnesia
 n - a scroll of blinking
 r - 5 scrolls of teleportation
 v - 4 scrolls of identify
 x - a scroll of enchant weapon
 D - a scroll of brand weapon
Potions
 d - 3 potions of mutation {unknown}
 f - 2 potions of lignification {unknown}
 h - 4 potions of degeneration {unknown}
 k - a potion of brilliance {unknown}
 m - a potion of resistance {unknown}
 o - 2 potions of haste {unknown}
 B - a potion of curing {unknown}
 F - a potion of might
 G - a potion of attraction {unknown}
 H - a potion of flight {unknown}


   Skills:
 + Level 6.2 Fighting
 + Level 10.7 Long Blades
 + Level 0.4 Throwing
 + Level 7.4 Armour
 + Level 3.8 Dodging
 + Level 1.6 Stealth
 + Level 6.0 Shields


You had 9 spell levels left.
You didn't know any spells.
Your spell library contained the following spells:

 Spells                   Type           Power      Damage    Failure   Level
 Animate Skeleton         Necr           0%         N/A       98%         1
 Beastly Appendage        Tmut           0%         N/A       98%         1
 Freeze                   Ice            0%         1d3       98%         1
 Summon Small Mammal      Summ           0%         N/A       98%         1
 Call Canine Familiar     Summ           0%         N/A       100%        3
 Summon Guardian Golem    Hex/Summ       0%         N/A       100%        3


Dungeon Overview and Level Annotations

Branches:
Dungeon (9/15)             Temple (1/1) D:6
   Lair: D:8-11         Orc: D:9-12

Altars:
Ashenzari
Cheibriados
Dithmenos
Elyvilon
Gozag
Hepliaklqana
Kikubaaqudgha
Makhleb
Nemelex Xobeh
Okawaru
Qazlal
Ru
Sif Muna
Trog
Uskayaw
Vehumet
Wu Jian
Xom
Yredelemnul
Zin
The Shining One


Innate Abilities, Weirdness & Mutations

You have a beak for a mouth.
You have claws for feet.
Your magical nature lets you fly swiftly and evasively.


Message History

Found a stone staircase leading up.
You now have 1242 gold pieces (gained 11).
f - 2 bubbling white potions (gained 1)
You reach down and open the door.
There is an open door here.
There is an open door here.
You reach down and open the door.
There is an open door here.
You reach down and open the door.
A vampire mosquito, a jumping spider, a centaur warrior and a fire giant come into view.
The fire giant is wielding a +1 great sword of flaming.
The vampire mosquito buzzes angrily.
The centaur warrior shouts!
Okay, then.
You slash the vampire mosquito!
The vampire mosquito is heavily damaged.
You block the vampire mosquito's attack.
The vampire mosquito bites you!
The vampire mosquito draws strength from your injuries!
You slash the vampire mosquito!
You destroy the vampire mosquito!
Okawaru accepts your kill. The centaur warrior hits you.
You block the centaur warrior's attack.
Your Shields skill increases to level 6!
You closely miss the centaur warrior.
The jumping spider leaps! x2
You hit the fire giant.
The fire giant is lightly wounded.
You hit the fire giant. You claw the fire giant!
The fire giant is moderately wounded.
The fire giant hits you with a +1 great sword of flaming!
The fire giant burns you!
You slash the fire giant! You peck the fire giant.
The fire giant is moderately wounded.
The fire giant hits you but does no damage.
You slice the fire giant!! You peck the fire giant.
The fire giant is severely wounded.
The jumping spider leaps!
The fire giant hits you with a +1 great sword of flaming!!
* * * LOW HITPOINT WARNING * * *
The fire giant burns you!
You die...

#.........#............#.....
#.........+............#.....
#.........#............#.....
#.........#............+.....
#....##.##.............#....#
#....##.##.#############....#
#............................
#........##########..........
#........#..@.....#..........
#........#.#C####.'..........
#........# #c° #.#..........
#........# #... #.#..........
########.# #...s#.#..####+###
#....##..# #....#.#.+###.....
#........+ ####+#.#....#.....
#........# ..#....#.....
#........##########....#.....


You could see a fire giant, a centaur warrior and a jumping spider.

Vanquished Creatures
  Sigmund (D:2)
  A wyvern (D:7)
  A vampire mosquito (D:9)
  Duvessa (D:6)
  A water moccasin (D:9)
  5 orc warriors
  A black bear (D:4)
  2 sky beasts
  A necrophage (D:5)
  An ice beast (D:6)
  A centaur (D:6)
  An ogre (D:6)
  A phantom (D:6)
  3 kobold brigands
  4 bullfrogs
  2 scorpions
  Dowan (D:6)
  A wyvern skeleton (D:7)
  5 wights (D:6)
  2 howler monkeys (D:8)
  4 hounds
  2 centaur zombies
  3 jellies
  2 centaur skeletons (D:7)
  5 orc priests
  Crazy Yiuf (D:2)
  A gnoll shaman (D:6)
  2 iguanas (D:6)
  8 orc wizards
  5 gnolls (D:6)
  6 adders
  A white imp (D:8)
  An ufetubus (D:6)
  An adder skeleton (D:4)
  4 dart slugs
  3 worms
  29 orcs
  7 ball pythons
  7 bats
  6 endoplasms
  5 giant cockroaches
  6 goblins
  5 hobgoblins
  7 jackals
  4 quokkas
  2 frilled lizards
  A jackal skeleton (D:4)
  21 kobolds
  4 rats
189 creatures vanquished.

Notes
Turn   | Place    | Note
-------+----------+-------------------------------------------
     0 | D:1      | kobby the Tengu Fighter began the quest for the Orb.
     0 | D:1      | Reached XP level 1. HP: 14/14 MP: 2/2
   129 | D:1      | Reached XP level 2. HP: 19/19 MP: 3/3
   225 | D:1      | Found a faded altar of an unknown god.
   841 | D:2      | Reached XP level 3. HP: 20/23 MP: 4/4
   944 | D:2      | Found a runed translucent door.
   945 | D:2      | Noticed Crazy Yiuf
   950 | D:2      | Killed Crazy Yiuf
  1154 | D:2      | Reached XP level 4. HP: 28/28 MP: 5/5
  1210 | D:2      | Noticed Sigmund
  1220 | D:2      | Killed Sigmund
  1221 | D:2      | Reached skill level 3 in Long Blades
  1221 | D:2      | Gained mutation: Your magical nature lets you fly swiftly
                  | and evasively. [Tengu growth]
  1221 | D:2      | Reached XP level 5. HP: 14/33 MP: 6/6
  1506 | D:2      | Reached XP level 6. HP: 38/38 MP: 7/7
  1907 | D:3      | Reached skill level 1 in Dodging
  1981 | D:3      | Reached skill level 4 in Long Blades
  2402 | D:4      | Reached skill level 5 in Armour
  2403 | D:4      | Got An Initiation to Spellweaving
  2750 | D:4      | Reached XP level 7. HP: 40/43 MP: 8/8
  3162 | D:4      | Reached skill level 5 in Long Blades
  3440 | D:5      | Entered Level 5 of the Dungeon
  3829 | D:5      | Reached XP level 8. HP: 28/48 MP: 9/9
  4033 | D:5      | Reached skill level 6 in Long Blades
  4527 | D:6      | Found a staircase to the Ecumenical Temple.
  4538 | D:6      | Reached skill level 1 in Stealth
  4561 | Temple   | Entered the Ecumenical Temple
  4633 | Temple   | Became a worshipper of Warmaster Okawaru
  4762 | D:6      | Reached skill level 7 in Long Blades
  4785 | D:6      | Reached skill level 5 in Fighting
  4886 | D:6      | Identified 3 scrolls of acquirement
  4886 | D:6      | Acquired 716 gold pieces
  4888 | D:6      | Acquired the +8 autumn katana {vorpal, Clar}
  4889 | D:6      | Found the +8 autumn katana {vorpal, Clar}
  4890 | D:6      | Acquired a scarf of repulsion
  4970 | D:6      | Noticed Duvessa
  4972 | D:6      | Noticed Dowan
  4978 | D:6      | Killed Duvessa
  4978 | D:6      | Reached * piety under Okawaru
  4981 | D:6      | Killed Dowan
  4982 | D:6      | Reached XP level 9. HP: 45/54 MP: 10/10
  5009 | D:6      | Reached skill level 5 in Shields
  5039 | D:6      | Reached skill level 8 in Long Blades
  5984 | D:7      | Reached skill level 9 in Long Blades
  6085 | D:8      | Reached ** piety under Okawaru
  6340 | D:8      | Found an ornate altar of the Wu Jian Council.
  6608 | D:9      | Reached skill level 10 in Long Blades
  6668 | D:9      | Reached XP level 10. HP: 58/60 MP: 11/11
  6976 | D:9      | Noticed a centaur warrior
  6976 | D:9      | Noticed a fire giant
  6983 | D:9      | Slain by a fire giant

Illustrated notes

Levels and vault maps discovered:
D:1:      eino_arrival_water_star, layout_basic,
          dreamdust_ecumenical_altar_grove
D:2:      layout_basic, uniq_crazy_yiuf_cottage, uniq_sigmund
D:3:      layout_basic
D:4:      layout_loops_corners
D:5:      layout_loops_ring, portal_sewer_entry_b
D:6:      layout_rooms, minmay_temple_entry_overgrown, minmay_strange_pillars,
          minmay_misc_feat_alley, kennysheep_generic_room_12, uniq_duvessa
D:7:      layout_cave_pods, kennysheep_generic_room_10
D:8:      layout_basic, mainiacjoe_overflow_tiny_flanked
D:9:      layout_gridville, minivault_25_ag
Temple:   regret_index_temple_sigil_plot

Skill      XL: |  1  2  3  4  5  6  7  8  9 10 |
---------------+-------------------------------+-----
Armour         | 4 5 6 7 |  7.4
Long Blades    | 3 4 5 7 10 | 10.7
Shields        | 4 5 6 |  6.0
Dodging        | 1 2 3 |  3.8
Fighting       | 4 5 6 |  6.2
Stealth        | 1 |  1.6
Throwing       | |  0.4

Action                   |  1- 3 |  4- 6 |  7- 9 | 10-12 || total
-------------------------+-------+-------+-------+-------++-------
Melee: Long sword        |    51 |    88 |    78 |       ||   217
       Kick              |    13 |    26 |    74 |    11 ||   124
       Peck              |     8 |    15 |    43 |     6 ||    72
       Scimitar          |       |     4 |    51 |       ||    55
       Katana            |       |       |   116 |    36 ||   152
Throw: Throwing net      |       |       |     2 |       ||     2
Evoke: Wand              |       |     1 |       |       ||     1
  Use: Potion            |       |     1 |     3 |       ||     4
       Scroll            |       |     7 |    10 |       ||    17
 Stab: Paralysed         |       |     2 |       |       ||     2
Armor: Scale mail        |    24 |    35 |    69 |     7 ||   135
Dodge: Dodged            |    17 |    26 |    80 |     3 ||   126
Block: Kite shield       |    30 |    34 |   111 |     9 ||   184
       Rpst.: Long sword |     6 |     6 |     6 |       ||    18
       Scimitar          |       |       |     2 |       ||     2
       Katana            |       |       |    12 |       ||    12
